 Dungeon Crawl Stone Soup version bcrawl-1.32 (webtiles) character file.

Game seed: 10940614147126093327

137057 Morbidden the Sneak (level 3, -2/20 HPs)
             Began as a Vine Stalker Archaeologist on June 23, 2021.
             Slain by an ogre
             ... wielding a +0 giant spiked club
              (19 damage)
             ... on level 2 of the Dungeon.
             The game lasted 00:01:25 (1176 turns).

Morbidden the Sneak (Vine Stalker Archaeologist)    Turns: 1176, Time: 00:01:26

Health: -2/20      AC: 10    Str: 14    XL:     3   Next: 93%
Magic:  4/4        EV: 13    Int: 14    God:
Gold:   34         SH:  0    Dex: 12    Spells: 2/2 levels left

rFire    . . .     SeeInvis .   a - +3 whip
rCold    . . .     Gourm    .   (no shield)
rNeg     . . .     Faith    .   c - +1 robe
rPois    +         Spirit   .   l - +2 hat
rElec    .         Reflect  .   m - +2 cloak
rCorr    .         Harm     .   (no gloves)
MR       .....                  i - +1 pair of boots
Stlth    +++.......             (no amulet)
HPRegen  0.46/turn              p - ring of poison resistance
MPRegen  0.09/turn              (no ring)

@: no status effects
A: fangs 2, regeneration 1, no potion heal 3, rot immunity, strong jaws
a: no special abilities


You were on level 2 of the Dungeon.
You were hungry.

You visited 1 branch of the dungeon, and saw 2 of its levels.

You collected 34 gold pieces.

Inventory:

Hand Weapons
 a - a +3 whip (weapon)
 b - a +0 blowgun
Missiles
 f - 6 curare-tipped needles
 j - 12 needles of confusion
Armour
 c - a +1 robe (worn)
 i - a +1 pair of boots (worn)
 l - a +2 hat (worn)
 m - a +2 cloak (worn)
Jewellery
 p - a ring of poison resistance (left hand)
Scrolls
 d - a scroll of fear {unknown}
 g - 2 scrolls of magic mapping
Potions
 k - 2 potions of lignification {unknown}
 o - a potion of berserk rage {unknown}
Miscellaneous
 h - a dusty tome
Comestibles
 e - 5 rations {!d}
 n - 6 chunks of flesh


   Skills:
 * Level 1.4 Fighting
 + Level 1.4 Maces & Flails
 * Level 4.3 Dodging
 + Level 5.0 Stealth


You had 2 spell levels left.
You didn't know any spells.
Your spell library was empty.

Dungeon Overview and Level Annotations

Branches:
Dungeon (2/12)

Altars:


Innate Abilities, Weirdness & Mutations

You have extremely sharp teeth.
Your natural rate of healing is unusually fast.
Potions cannot restore your health.
You are immune to rotting.
Your bites deal extra damage.


Message History

The hobgoblin seems to grow stronger.
You whack the ogre!
The ogre is moderately wounded.
The hobgoblin closely misses you. The ogre barely misses you.
You whack the ogre!
The ogre is heavily wounded.
The hobgoblin misses you. The ogre barely misses you.
You are feeling hungry.
You barely miss the ogre. You bite the ogre.
The ogre is severely wounded.
The hobgoblin hits you with a +0 club.
You hit the ogre.
The ogre is severely wounded.
The hobgoblin hits you with a +0 club. The ogre barely misses you.
You hit the ogre.
The ogre is almost dead.
The hobgoblin barely misses you.
The ogre hits you with a +0 giant spiked club!!
Ouch! That really hurt!
You die...

............##
.............#..
....)...$......#.#
..............##.#
....!.........#..#
.............#...#
......O.....##...##
#.....g@...#...... #
.####.##...#.##.##.# #
##†#..#....... # #.#
#.#......... . #.#
#..........# #.
#.###...$....$..
#.###.#......#....##
....%.......##..## ...
#.#.......)###.###....


You could see an ogre and a hobgoblin.

Vanquished Creatures
  An adder (D:2)
  An ooze (D:2)
  3 dart slugs
  A leopard gecko (D:1)
  A ball python (D:1)
  7 goblins
  5 hobgoblins
  5 bats
  3 frilled lizards (D:1)
  6 kobolds (D:1)
  A rat (D:1)
34 creatures vanquished.

Vanquished Creatures (others)
  A goblin (D:2)
1 creature vanquished.

Grand Total: 35 creatures vanquished

Notes
Turn   | Place    | Note
-------+----------+-------------------------------------------
     0 | D:1      | Morbidden the Vine Stalker Archaeologist began the quest
                  | for the Orb.
     0 | D:1      | Reached XP level 1. HP: 11/11 MP: 2/2
   147 | D:1      | Reached XP level 2. HP: 13/16 MP: 3/3
   200 | D:1      | Reached skill level 1 in Fighting
   305 | D:1      | Reached skill level 1 in Maces & Flails
   718 | D:1      | Reached XP level 3. HP: 20/20 MP: 4/4
  1155 | D:2      | Reached skill level 5 in Stealth
  1168 | D:2      | Noticed an ogre
  1176 | D:2      | Slain by an ogre

Skill      XL: |  1  2  3 |
---------------+----------+-----
Fighting       | 1 |  1.4
Maces & Flails | 1 |  1.4
Dodging        | 4 |  4.3
Stealth        | 5 |  5.0

Action                   || total
-------------------------++-------
Melee: Whip              ||   126
       Bite              ||    10
 Stab: Sleeping          ||     6
  Eat: Chunk             ||     4
Armor: Robe              ||    49
Dodge: Dodged            ||   101
